 Dungeon Crawl Stone Soup version 0.27-a0-1378-gdefffd1ff6 (webtiles) character file.

Game seed: 17636380870960071410

13692 ipx the Nimble (level 11, -5/60 HPs)
             Began as a Deep Elf Fire Elementalist on June 29, 2021.
             Was a Priest of Ru.
             Slain by a six-headed hydra (9 damage)
             ... on level 3 of the Lair of Beasts.
             The game lasted 01:29:42 (5428 turns).

ipx the Nimble (Deep Elf Fire Elementalist)         Turns: 5428, Time: 01:29:43

Health: -5/60      AC:  9    Str:  5    XL:     11   Next: 78%
Magic:  17/28      EV: 17    Int: 24    God:    Ru [***...]
Gold:   394        SH:  0    Dex: 15    Spells: 16/33 levels left

rFire    . . .     SeeInvis +   n - throwing net
rCold    + . .     Faith    +   (no shield)
rNeg     . . .     Spirit   .   l - +2 leather armour {rC+}
rPois    .         Reflect  .   (no helmet)
rElec    .         Harm     .   (no cloak)
rCorr    .         Rampage  .   t - +1 pair of gloves
Will     +....                  C - +1 pair of boots
Stlth    ++........             J - amulet of faith
HPRegen  0.20/turn              v - ring of see invisible
MPRegen  0.21/turn              (no ring)

@: no status effects
A: hated by all, inability to train armour, missing an eye
a: Renounce Religion, Sacrifice Skill, Sacrifice Experience, Sacrifice
Nimbleness, Reject Sacrifices, Draw Out Power


You were on level 3 of the Lair of Beasts.
You worshipped Ru.
Ru was most pleased with you.
You visited 2 branches of the dungeon, and saw 13 of its levels.
You also visited: Ossuary and Bailey.

You collected 526 gold pieces.
You spent 132 gold pieces at shops.

Inventory:

Hand Weapons
 a - the +6 quarterstaff of Ruirop {vorpal, rN+ Str+2}
   (You found it on level 8 of the Dungeon)

   It inflicts extra damage upon your enemies.
   Str:       It affects your strength (+2).
   rN:        It protects you from negative energy.
 b - a +2 dire flail of holy wrath
 q - a +6 halberd
Missiles
 n - a throwing net (in hand)
Armour
 l - a +2 leather armour of cold resistance (worn)
 t - a +1 pair of gloves (worn)
 C - a +1 pair of boots (worn)
 D - +0 steam dragon scales
Jewellery
 i - a ring of ice
 v - a ring of see invisible (left hand)
 J - an amulet of faith (around neck)
 X - an amulet of reflection
Wands
 p - a wand of acid (9)
 y - a wand of polymorph (17)
 G - a wand of iceblast (7)
Scrolls
 c - 3 scrolls of teleportation
 e - a scroll of fog
 j - a scroll of amnesia {unknown}
 k - a scroll of fear
 r - 2 scrolls of enchant weapon
 w - 3 scrolls of magic mapping {unknown}
 B - a scroll of blinking {unknown}
 E - a scroll of immolation {unknown}
 F - a scroll of silence {unknown}
Potions
 d - 3 potions of brilliance
 f - a potion of might {unknown}
 g - 3 potions of heal wounds
 h - a potion of berserk rage {unknown}
 o - a potion of cancellation {unknown}
 s - 4 potions of attraction
 u - a potion of mutation
 x - 2 potions of lignification
 z - 2 potions of flight {unknown}
 A - 4 potions of curing


   Skills:
 - Level 3.0 Fighting
 + Level 12.0 Dodging
 - Level 4.0 Stealth
 + Level 11.7 Spellcasting
 - Level 9.0 Conjurations
 - Level 4.0 Hexes
 - Level 2.0 Translocations
 - Level 10.0 Fire Magic
 - Level 4.0 Evocations


You had 16 spell levels left.
You knew the following spells:

 Your Spells              Type           Power      Damage    Failure   Level
a - Apportation           Tloc           46%        N/A       3%          1
b - Fireball              Conj/Fire      28%        3d12      4%          5
c - Conjure Flame         Conj/Fire      56%        6-21      1%          3
n - Inner Flame           Hex/Fire       47%        N/A       1%          3
t - Sticky Flame          Conj/Fire      56%        2d7       1%          4
x - Foxfire               Conj/Fire      100%       2x1d9     1%          1

Your spell library contained the following spells:

 Spells                   Type           Power      Damage    Failure   Level
 Corona                   Hex            36%        N/A       1%          1
 Animate Skeleton         Necr           Unusable   N/A       N/A         1
 Summon Small Mammal      Summ           Unusable   N/A       N/A         1

Dungeon Overview and Level Annotations

Branches:
Dungeon (10/15)            Temple (0/1) D:6            Lair (3/6) D:9
  Swamp (0/4) Lair:2        Snake (0/4) Lair:2      Ossuary (visited)
 Bailey (visited)
    Orc: D:9-12

Altars:
Ru
Wu Jian

Shops:
D:5 !

Annotations:
D:3 Robin
D:9 Maurice


Innate Abilities, Weirdness & Mutations

You are hated by all.
You cannot train Armour skill.
You are missing an eye, making it more difficult to aim.


Message History

You swing at nothing.
You swing at nothing.
You swing at nothing.
You swing at nothing.
You swing at nothing.
You climb downwards.
Found a buckler.
There is a stone staircase leading up here.
Found 14 gold pieces and a leather armour.
A six-headed hydra comes into view.
You see here a +0 buckler.
Casting: Fireball (dangerous; 4% risk of failure)
Confirm with . or Enter, or press ? or * to list all spells.
The fire begins to smoulder!
The six-headed hydra roars!
The fire ignites!
Casting: Conjure Flame (safe; 1% risk of failure)
Confirm with . or Enter, or press ? or * to list all spells.
Aiming: Fireball (dangerous; 4% risk of failure)
Press: ? - help, Shift-Dir - straight line, f - six-headed hydra
Aim: a six-headed hydra The fireball explodes!
The fireball engulfs the six-headed hydra!
The six-headed hydra is moderately wounded.
Casting: Fireball (dangerous; 4% risk of failure)
Confirm with . or Enter, or press ? or * to list all spells.
Aiming: Sticky Flame (dangerous; 1% risk of failure)
Press: ? - help, Shift-Dir - straight line, f/p - six-headed hydra
Aim: a six-headed hydra (flame, moderately wounded, 100% to hit)
The sticky flame hits the six-headed hydra!
The six-headed hydra is heavily wounded.
The six-headed hydra is covered in liquid flames!
The six-headed hydra burns!
The six-headed hydra is engulfed in blazing flames.
The six-headed hydra bites you! x2
* * * LOW HITPOINT WARNING * * *
The six-headed hydra barely misses you. The six-headed hydra bites you.
* * * LOW HITPOINT WARNING * * *
The six-headed hydra bites you!
You die...

#.[.. #P... P..##
# ...P
..######..#
..........#
..........# #
..........#.###.#
.###.#@.<.......
#D####P.### #.#
.# #.. ..#. .$..P
##PP #. ### ##


You could see a six-headed hydra (burning).

Vanquished Creatures
  A hydra (Lair:1)
  Erica (D:8)
  4 cane toads
  A komodo dragon (Lair:1)
  Prince Ribbit (D:8)
  Grinder (D:6)
  2 tyrant leeches (Lair:2)
  4 dream sheep (Lair:2)
  2 wyverns (D:9)
  2 basilisks
  A wraith (D:9)
  17 yaks
  Grum (D:8)
  3 vampire mosquitoes (D:6)
  A steam dragon (D:8)
  Edmund (D:4)
  A swamp worm (Lair:2)
  4 nagas (Lair:2)
  9 water moccasins
  A hornet zombie (D:7)
  An ice beast (D:5)
  3 orc warriors (D:8)
  2 black bears (D:9)
  A sky beast (D:5)
  2 centaurs
  7 wolves
  A phantom (D:5)
  A kobold brigand (D:7)
  10 scorpions
  6 bullfrogs
  2 gnoll sergeants
  3 elf skeletons (D:6)
  A killer bee (D:4)
  3 centaur zombies
  A bullfrog zombie (D:5)
  A human zombie (D:6)
  2 gnoll shamans
  An orc priest (D:8)
  3 bullfrog skeletons
  6 hounds
  A jelly (D:4)
  2 centaur skeletons (D:7)
  4 iguanas
  3 scorpion zombies (Ossuary)
  3 orc wizards
  3 mummies (Ossuary)
  11 gnolls
  2 adders
  A howler monkey skeleton (D:5)
  A shadow imp (D:7)
  2 adder skeletons
  A worm (D:5)
  2 dart slugs
  21 orcs
  5 ball pythons
  3 bats
  10 endoplasms
  3 giant cockroaches
  6 goblins
  4 hobgoblins
  4 jackals
  5 quokkas
  2 frilled lizards
  A gnoll zombie (Ossuary)
  5 goblin zombies (Ossuary)
  2 hobgoblin zombies (Ossuary)
  2 jackal skeletons (D:2)
  4 kobolds
  3 kobold zombies (Ossuary)
  2 orc skeletons (D:6)
  2 orc zombies (Ossuary)
  A quokka zombie (D:2)
  3 rats
239 creatures vanquished.

Vanquished Creatures (collateral kills)
  3 foxfires (D:2)
3 creatures vanquished.

Vanquished Creatures (others)
  A scorpion (Ossuary)
  A centaur zombie (D:6)
  A gnoll (D:8)
  758 foxfires
  8 fungi
  15 plants
784 creatures vanquished.

Grand Total: 1026 creatures vanquished

Notes
Turn   | Place    | Note
-------+----------+-------------------------------------------
     0 | D:1      | ipx the Deep Elf Fire Elementalist began the quest for the
                  | Orb.
     0 | D:1      | Reached XP level 1. HP: 10/10 MP: 6/6
   124 | D:1      | Reached XP level 2. HP: 11/15 MP: 4/8
   135 | D:1      | Found a faded altar of an unknown god.
   144 | D:1      | Became a worshipper of Ru the Awakened
   156 | D:1      | Gained mutation: You cannot train Armour skill. [Ru
                  | sacrifice]
   156 | D:1      | Reached * piety under Ru
   344 | D:2      | Reached XP level 3. HP: 19/19 MP: 5/9
   348 | D:2      | Learned a level 3 spell: Conjure Flame
   643 | D:3      | Noticed Robin
   903 | D:4      | Reached XP level 4. HP: 24/24 MP: 6/10
   908 | D:4      | Learned a level 4 spell: Sticky Flame
   963 | D:4      | Reached XP level 5. HP: 28/28 MP: 6/11
  1141 | D:5      | Entered Level 5 of the Dungeon
  1178 | D:4      | Noticed Edmund
  1224 | D:4      | Killed Edmund
  1225 | D:4      | Reached skill level 5 in Conjurations
  1225 | D:4      | Reached skill level 5 in Fire Magic
  1225 | D:4      | Reached XP level 6. HP: 32/32 MP: 4/12
  1323 | D:5      | Gained mutation: You are missing an eye, making it more
                  | difficult to aim. [Ru sacrifice]
  1323 | D:5      | Reached ** piety under Ru
  1327 | D:5      | Noticed an ice beast
  1347 | D:5      | Killed an ice beast
  1414 | D:5      | Reached XP level 7. HP: 36/36 MP: 2/13
  1454 | D:5      | Found an ornate altar of the Wu Jian Council.
  1633 | D:5      | Found Dutranest's Distillery.
  1641 | D:5      | Bought a potion of curing for 33 gold pieces
  1641 | D:5      | Bought a potion of heal wounds for 55 gold pieces
  1641 | D:5      | Bought a potion of degeneration for 11 gold pieces
  1641 | D:5      | Bought a potion of attraction for 33 gold pieces
  1764 | D:6      | Noticed a vampire mosquito
  1764 | D:6      | Noticed a vampire mosquito
  1764 | D:6      | Noticed a vampire mosquito
  1773 | D:6      | Killed a vampire mosquito
  1835 | D:6      | Found a staircase to the Ecumenical Temple.
  1847 | D:6      | Reached XP level 8. HP: 35/41 MP: 8/15
  1956 | D:6      | Found a sand-covered staircase.
  1970 | Ossuary  | Entered an ossuary
  2180 | Ossuary  | Reached skill level 5 in Spellcasting
  2262 | Ossuary  | Learned a level 5 spell: Fireball
  2336 | Ossuary  | Reached skill level 3 in Dodging
  2571 | D:6      | Reached skill level 4 in Dodging
  2571 | D:6      | Reached XP level 9. HP: 45/46 MP: 9/20
  2603 | D:6      | Noticed Grinder
  2637 | D:6      | Paralysed by Grinder for 6 turns
  2653 | D:6      | Killed Grinder
  2654 | D:6      | Reached skill level 1 in Fighting
  2686 | D:7      | Reached skill level 5 in Dodging
  2799 | D:7      | Found a flagged portal.
  2808 | Bailey   | Entered a bailey
  3051 | D:7      | Reached skill level 6 in Dodging
  3065 | D:7      | Learned a level 1 spell: Apportation
  3183 | D:7      | Gained mutation: You are hated by all. [Ru sacrifice]
  3183 | D:7      | Reached *** piety under Ru
  3459 | D:8      | Reached skill level 7 in Dodging
  3469 | D:8      | Noticed Erica
  3503 | D:8      | Killed Erica
  3504 | D:8      | Reached XP level 10. HP: 45/56 MP: 8/24
  3640 | D:8      | Reached skill level 8 in Dodging
  3769 | D:8      | Reached skill level 10 in Fire Magic
  3781 | D:8      | Reached skill level 9 in Dodging
  3850 | D:8      | Identified the +6 quarterstaff of Ruirop {vorpal, rN+
                  | Str+2}
  3874 | D:8      | Noticed Prince Ribbit
  3882 | D:8      | Killed Prince Ribbit
  3961 | D:8      | Noticed Grum
  3978 | D:8      | Killed Grum
  3999 | D:8      | Reached skill level 1 in Evocations
  4205 | D:9      | Reached skill level 10 in Dodging
  4213 | D:9      | Noticed Maurice
  4372 | D:10     | Entered Level 10 of the Dungeon
  4472 | D:9      | Found a staircase to the Lair.
  4497 | D:9      | Upgraded the game from 0.27-a0-1359-ga2a4dfd6fd to
                  | 0.27-a0-1378-gdefffd1ff6
  4499 | Lair:1   | Entered Level 1 of the Lair of Beasts
  4517 | Lair:1   | Reached XP level 11. HP: 31/60 MP: 8/26
  4584 | Lair:1   | Reached skill level 1 in Translocations
  4733 | Lair:1   | Noticed an eight-headed hydra
  4740 | Lair:1   | Killed an eight-headed hydra
  4741 | Lair:1   | Reached skill level 10 in Spellcasting
  4822 | Lair:1   | Learned a level 3 spell: Inner Flame
  4851 | Lair:1   | Reached skill level 1 in Hexes
  4931 | Lair:1   | Reached skill level 11 in Dodging
  5029 | Lair:2   | Found a staircase to the Swamp.
  5221 | Lair:2   | Found a staircase to the Snake Pit.
  5373 | Lair:2   | Reached skill level 12 in Dodging
  5423 | Lair:3   | Noticed a six-headed hydra
  5428 | Lair:3   | Slain by a six-headed hydra

Illustrated notes

Levels and vault maps discovered:
D:1:      lightli_arrival_lavapool, layout_basic, ebering_ecumenical_altar_webs
D:2:      cheibrodos_old_hovel, layout_loops_cross, serial_undead,
          serial_undead_c, serial_undead_b, serial_undead_e, serial_undead_a,
          serial_undead_f, serial_undead_d, serial_park_tiny_2
D:3:      layout_loops_corners, ebering_ghost_inner_flame, serial_shops, shop,
          uniq_robin
D:4:      layout_layer_cave, uniq_edmund
D:5:      layout_rooms, nicolae_wu_jian_immortal_techniques, serial_shops,
          shop_statue
D:6:      layout_loops_ring, minmay_temple_entry_sparse_star,
          nicolae_ossuary_entry_catacombs, uniq_grinder
D:7:      layout_loops_ring, enter_bailey_2
D:8:      layout_basic, uniq_erica, uniq_prince_ribbit1, uniq_grum
D:9:      layout_rooms, minmay_lair_entry_grove, uniq_maurice
D:10:     layout_basic, erik_orc_4, uniq_fannar
Lair:1:   layout_chaotic_city, nzn_random_ring, grunt_megastairs_3
Lair:2:   layout_cave_shapes, minmay_swamp_entry_worms,
          minmay_snake_entry_guardpost_small
Lair:3:   minmay_lair_venomous_thicket, layout_loops_ring, serial_bayou_shore_a,
          grunt_megastairs_2, infiniplex_staircase_pool, uniq_snorg

Skill      XL: |  1  2  3  4  5  6  7  8  9 10 11 |
---------------+----------------------------------+-----
Conjurations   | 2 3 5 7 8 9 |  9.0
Stealth        | 3 4 |  4.0
Fire Magic     | 4 5 6 7 8 9 10 | 10.0
Spellcasting   | 6 8 9 11 | 11.7
Dodging        | 4 7 10 12 | 12.0
Fighting       | 3 |  3.0
Evocations     | 3 4 |  4.0
Translocations | 2 |  2.0
Hexes          | 4 |  4.0

Action                   |  1- 3 |  4- 6 |  7- 9 | 10-12 || total
-------------------------+-------+-------+-------+-------++-------
Melee: Unarmed           |    20 |       |       |       ||    20
       Dire flail        |       |       |    28 |       ||    28
       Halberd           |       |       |    28 |    71 ||    99
       Quarterstaff      |       |       |       |    21 ||    21
 Fire: Shortbow          |       |       |     1 |       ||     1
Throw: Dart              |       |       |     4 |       ||     4
       Throwing net      |       |       |     1 |       ||     1
 Cast: Foxfire           |    66 |    57 |   154 |   163 ||   440
       Sticky Flame      |       |     2 |    30 |    35 ||    67
       Fireball          |       |       |     7 |    13 ||    20
       Conjure Flame     |       |       |     5 |    16 ||    21
       Apportation       |       |       |       |     9 ||     9
Invok: Sacrifice Durabil |     1 |       |       |       ||     1
       Sacrifice an Eye  |       |     1 |       |       ||     1
       Draw Out Power    |       |       |     1 |     5 ||     6
       Sacrifice Love    |       |       |     1 |       ||     1
Evoke: Wand              |       |       |       |    12 ||    12
  Use: Potion            |     1 |       |     1 |     1 ||     3
       Scroll            |       |     1 |     8 |     3 ||    12
 Stab: Sleeping          |       |       |     6 |       ||     6
       Invisible         |       |       |     1 |     1 ||     2
       Distracted        |       |       |       |     1 ||     1
Armor: Robe              |     8 |     4 |    19 |     1 ||    32
       Leather armour    |       |       |       |    12 ||    12
Dodge: Dodged            |    27 |     6 |    73 |    62 ||   168
Block: Other             |       |       |     2 |       ||     2

Table legend: (Time is in decaauts)
 A = Elapsed time spent in this place.
 B = Non-inter-level travel time spent in this place.
 C = Inter-level travel time spent in this place.
 D = Time resting spent in this place.
 E = Time spent auto-exploring this place.
 F = Levels seen in this place.
 G = Mean time per level.
                   A        B        C        D        E       F      G
               +--------+--------+--------+--------+--------+-----+--------+
         Total |   5789 |   5716 |     73 |      0 |      0 |  15 |  385.9 |
       Dungeon |   4043 |   3970 |     73 |      0 |      0 |  10 |  404.3 |
          Lair |    988 |    988 |      0 |      0 |      0 |   3 |  329.3 |
       Ossuary |    633 |    633 |      0 |      0 |      0 |   1 |  633.0 |
        Bailey |    125 |    125 |      0 |      0 |      0 |   1 |  125.0 |
               +--------+--------+--------+--------+--------+-----+--------+

Top non-repeatable levels by time:
     D:8: 836 daAuts
 Ossuary: 633 daAuts
  Lair:2: 514 daAuts
     D:7: 496 daAuts
  Lair:1: 461 daAuts
     D:6: 440 daAuts
     D:5: 439 daAuts
     D:4: 409 daAuts
     D:9: 401 daAuts
     D:2: 366 daAuts
     D:1: 327 daAuts
     D:3: 206 daAuts
  Bailey: 125 daAuts
    D:10: 118 daAuts
  Lair:3: 12 daAuts
